 Dungeon Crawl Stone Soup version 0.23.2 (console) character file.

Game seed: 3442570271082197605

8025 jt the Spear-Bearer (level 11, 0/87 HPs)
             Began as a Merfolk Gladiator on Apr 5, 2019.
             Was a High Priest of Okawaru.
             Slain by a four-headed hydra (14 damage)
             ... on level 1 of the Lair of Beasts.
             The game lasted 00:37:14 (12994 turns).

jt the Spear-Bearer (Merfolk Gladiator)            Turns: 12994, Time: 00:37:15

Health: 0/87       AC:  4    Str: 19    XL:     11   Next: 24%
Magic:  15/15      EV: 19    Int:  9    God:    Okawaru [*****.]
Gold:   464        SH:  0    Dex: 15    Spells: 10/10 levels left

rFire    + . .     SeeInvis .   a - +1 trident
rCold    + . .     Gourm    .   (no shield)
rNeg     . . .     Faith    .   b - +0 leather armour
rPois    .         Spirit   .   (helmet restricted)
rElec    .         Reflect  .   o - scarf {rC+ rF+}
rCorr    .         Harm     .   M - +0 pair of gloves
MR       .....                  (no boots)
Stlth    +.........             (no amulet)
HPRegen  0.24/turn              T - +2 ring of strength
MPRegen  0.14/turn              (no ring)

@: no status effects
A: change form in water, swift swim, stealthy swim, horns 2
a: Heroism, Finesse, Renounce Religion


You were on level 1 of the Lair of Beasts.
You worshipped Okawaru.
Okawaru was extremely pleased with you.
You were hungry.

You visited 3 branches of the dungeon, and saw 12 of its levels.

You collected 614 gold pieces.
You spent 150 gold pieces at shops.

Inventory:

Hand Weapons
 a - a +1 trident (weapon)
 c - a +0 scythe of freezing
 l - a +0 shortbow
 m - a +2 whip of venom
 n - a +1 great sword of protection
 r - a +0 hunting sling
 s - a +2 dagger of pain
 y - a +0 whip of distortion
 A - a +4 whip of draining
 G - a +3 halberd
 K - a +0 whip of flaming
 N - a +0 hand crossbow
Missiles
 e - 60 poisoned needles
 i - 113 sling bullets
 k - 270 stones
 p - 141 arrows
 C - 94 bolts
 D - 8 steel javelins (quivered)
 I - 6 tomahawks
 U - 6 needles of paralysis
Armour
 b - a +0 leather armour (worn)
 o - a scarf of resistance (worn)
 u - a +0 buckler
 v - a +2 helmet
 E - a +0 shield
 M - a +0 pair of gloves (worn)
 V - a scarf of cloud immunity
Magical Staves
 t - an uncursed staff of death {unknown}
Jewellery
 x - an uncursed ring of fire
 T - a +2 ring of strength (left hand)
Wands
 w - a wand of iceblast (12)
 F - a wand of flame (18)
 O - a wand of digging (6)
Scrolls
 g - 5 scrolls of amnesia
 h - 6 scrolls of identify
 q - 5 scrolls of teleportation
 B - 3 scrolls of remove curse
 H - a scroll of immolation {unknown}
 J - a scroll of enchant weapon
 Q - 3 scrolls of magic mapping
Potions
 d - a potion of brilliance
 j - a potion of cancellation
 z - a potion of ambrosia
 L - a potion of haste
 P - 3 potions of curing
Comestibles
 f - 19 rations


   Skills:
 + Level 8.4 Fighting
 + Level 14.8 Polearms
 - Level 4.1 Throwing
 + Level 10.4 Dodging
 - Level 3.6 Unarmed Combat
 - Level 6.6 Evocations


You had 10 spell levels left.
You didn't know any spells.
Your spell library contained the following spells:

 Spells                   Type           Power        Failure   Level  Hunger
 Corona                   Hex            #......      43%         1    ##.....
 Magic Dart               Conj           #...         43%         1    ##.....
 Blink                    Tloc           N/A          58%         2    ###....
 Call Imp                 Summ           #.......     58%         2    ###....
 Slow                     Hex            #.......     58%         2    ###....
 Conjure Flame            Conj/Fire      #.......     82%         3    ####...
 Inner Flame              Hex/Fire       #.......     82%         3    ####...
 Mephitic Cloud           Conj/Pois/Air  #.......     82%         3    ####...
 Portal Projectile        Hex/Tloc       #.....       82%         3    ####...
 Cause Fear               Hex            #.........   99%         4    #####..
 Leda's Liquefaction      Hex/Erth       #.........   99%         4    #####..


Dungeon Overview and Level Annotations

Branches:
Dungeon (10/15)            Temple (1/1) D:5            Lair (1/6) D:8
    Orc: D:9-12

Altars:
Ashenzari
Elyvilon
Kikubaaqudgha
Okawaru
Sif Muna
Trog
Yredelemnul
The Shining One

Shops:
D:7 *   D:8 :

Annotations:
D:7 exclusion: ice statue
D:10 Josephine


Innate Abilities, Weirdness & Mutations

You revert to your normal form in water You are very nimble and swift while swimming.
You are very stealthy in the water. (Stealth+)
You have a pair of horns on your head.


Message History

The four-headed hydra is almost dead.
The four-headed hydra bites you!
The four-headed hydra bites you but does no damage.
The four-headed hydra bites you!
* * * LOW HITPOINT WARNING * * *
The four-headed hydra bites you!
* * * LOW HITPOINT WARNING * * *
The water moccasin bites you!
* * * LOW HITPOINT WARNING * * *
The bullfrog hits you.
* * * LOW HITPOINT WARNING * * *
Okay, then.
Press: ? - help, v - describe, . - travel
Here: a bullfrog (almost dead)
The floor.
You feel much better. The bullfrog hits you.
* * * LOW HITPOINT WARNING * * *
The water moccasin completely misses you.
The four-headed hydra bites you!
You die...

..........#....!
#.8.8.##..# 8.. ...
..........# . ..#
.........###### ..##
##...##.#†.##.## ...#
..## ...#......##...## .
.....#........##..#
.....##......S......##
.#+.##.......D@......###
...........F.........#
.....................##
.................#†..#
.................##<.#
................##...#
..............####..#
.............# #.#
...........## ..


You could see a four-headed hydra, a water moccasin and a bullfrog.

Vanquished Creatures
  The ghost of Flogoulo the Blocker, a novice FoFi of Okawaru (D:5)
  Pikel (D:8)
  Joseph (D:7)
  2 hornets (D:8)
  A hippogriff (D:6)
  Sigmund (D:2)
  A steam dragon (D:9)
  3 wargs (D:8)
  Duvessa (D:6)
  2 porcupines (Lair:1)
  3 water moccasins (Lair:1)
  A sky beast (D:8)
  4 orc warriors
  4 slaves (D:8)
  2 phantoms
  An eye of draining (D:9)
  A black bear (D:9)
  3 necrophages
  4 centaurs
  5 ogres
  A crocodile (D:8)
  A big kobold (D:9)
  2 gnoll sergeants
  3 bullfrogs
  Dowan (D:6)
  2 scorpions
  9 killer bees
  A howler monkey (D:6)
  6 crimson imps
  3 hounds
  6 orc priests
  4 jellies
  2 gnoll shamans (D:4)
  2 centaur skeletons
  5 orc wizards
  2 bullfrog skeletons
  Jessica (D:2)
  2 iguanas
  Ijyb (D:3)
  Natasha (thrice) (D:2)
  12 worker ants
  A hound zombie (D:7)
  A hound skeleton (D:8)
  2 worker ant zombies
  32 gnolls
  2 howler monkey skeletons
  9 adders
  2 shadow imps
  An ooze (D:2)
  3 adder skeletons
  An adder zombie (D:5)
  3 worms
  4 dart slugs
  5 leopard geckos
  28 orcs
  A ball python (D:1)
  3 bats
  A giant cockroach (D:3)
  12 goblins
  10 hobgoblins
  26 jackals
  9 quokkas
  4 frilled lizards
  8 kobolds
  A quokka skeleton (D:6)
  A quokka zombie (D:6)
  6 rats
287 creatures vanquished.

Vanquished Creatures (others)
  An adder (D:9)
  3 plants (D:8)
4 creatures vanquished.

Grand Total: 291 creatures vanquished

Notes
Turn   | Place    | Note
-------+----------+-------------------------------------------
     0 | D:1      | jt the Merfolk Gladiator began the quest for the Orb.
     0 | D:1      | Reached XP level 1. HP: 16/16 MP: 1/1
   123 | D:1      | Reached skill level 5 in Polearms
   135 | D:1      | Reached XP level 2. HP: 20/22 MP: 2/2
   614 | D:1      | Reached skill level 6 in Polearms
   614 | D:1      | Reached XP level 3. HP: 27/27 MP: 3/3
   889 | D:2      | Found an ancient bone altar of Kikubaaqudgha.
   898 | D:2      | Noticed Natasha
   913 | D:2      | Killed Natasha
   913 | D:2      | Reached XP level 4. HP: 24/33 MP: 4/4
   977 | D:2      | Noticed Jessica
   984 | D:2      | Reached skill level 7 in Polearms
  1064 | D:2      | Killed Jessica
  1154 | D:2      | Noticed Natasha
  1165 | D:2      | Killed Natasha
  1165 | D:2      | Reached skill level 8 in Polearms
  1170 | D:2      | Reached XP level 5. HP: 20/38 MP: 5/5
  1535 | D:2      | Noticed Natasha
  1542 | D:2      | Killed Natasha
  1900 | D:2      | Noticed Sigmund
  2006 | D:3      | Reached skill level 9 in Polearms
  2053 | D:4      | Reached XP level 6. HP: 41/44 MP: 6/6
  2058 | D:4      | Noticed a phantom
  2325 | D:3      | Noticed Ijyb
  2343 | D:3      | Killed Ijyb
  2348 | D:3      | Gained mutation: Your magical capacity is low. (-10% MP)
                  | [potion of mutation]
  2348 | D:3      | Gained mutation: You have a beak for a mouth. [potion of
                  | mutation]
  2349 | D:3      | Lost mutation: You have a beak for a mouth. [potion of
                  | mutation]
  2349 | D:3      | Lost mutation: Your magical capacity is low. (-10% MP)
                  | [potion of mutation]
  2349 | D:3      | Gained mutation: You have a pair of small horns on your
                  | head. [potion of mutation]
  2349 | D:3      | Gained mutation: Scrolls take you a little longer to read.
                  | [potion of mutation]
  2349 | D:3      | Lost mutation: Scrolls take you a little longer to read.
                  | [potion of mutation]
  2349 | D:3      | Gained mutation: You have a pair of horns on your head.
                  | [potion of mutation]
  2469 | D:2      | Found a shattered altar of Ashenzari.
  2474 | D:2      | Found an iron altar of Okawaru.
  2475 | D:2      | Found a white marble altar of Elyvilon.
  2476 | D:2      | Found a basalt altar of Yredelemnul.
  2483 | D:2      | Became a worshipper of Warmaster Okawaru
  2495 | D:2      | Killed Sigmund
  2495 | D:2      | Reached skill level 10 in Polearms
  2495 | D:2      | Reached XP level 7. HP: 50/50 MP: 6/8
  2948 | D:3      | Reached * piety under Okawaru
  3896 | D:4      | Reached skill level 11 in Polearms
  4463 | D:4      | Reached XP level 8. HP: 36/56 MP: 11/11
  4603 | D:4      | Reached ** piety under Okawaru
  4603 | D:4      | Reached skill level 1 in Unarmed Combat
  5336 | D:4      | Found a deep blue altar of Sif Muna.
  5397 | D:5      | Entered Level 5 of the Dungeon
  5458 | D:5      | Reached skill level 5 in Dodging
  5843 | D:5      | Reached skill level 12 in Polearms
  5843 | D:5      | Reached skill level 5 in Evocations
  5925 | D:5      | Found a runed translucent gate.
  5926 | D:5      | Found a runed translucent gate.
  5928 | D:5      | Found a runed translucent gate.
  5929 | D:5      | Noticed Flogoulo's ghost (novice FoFi)
  5942 | D:5      | Found an iron altar of Okawaru.
  6024 | D:5      | Reached XP level 9. HP: 65/65 MP: 12/12
  6192 | D:5      | Found a staircase to the Ecumenical Temple.
  6201 | Temple   | Entered the Ecumenical Temple
  6351 | D:6      | You fall through a shaft for 3 floors!
  6386 | D:9      | Reached *** piety under Okawaru
  6394 | D:9      | Received a gift from Okawaru
  6539 | D:10     | Entered Level 10 of the Dungeon
  6742 | D:8      | Noticed a hornet
  6745 | D:8      | Killed a hornet
  6797 | D:9      | Reached skill level 5 in Fighting
  7143 | D:10     | Noticed Josephine
  7308 | D:9      | Found a bloodstained altar of Trog.
  8063 | D:9      | Reached **** piety under Okawaru
  8186 | D:9      | Reached XP level 10. HP: 60/75 MP: 14/14
  8359 | D:8      | Reached skill level 13 in Polearms
  8979 | D:8      | Noticed Pikel
  9248 | D:8      | Killed Pikel
  9430 | D:7      | Found Vubeylob's General Store.
  9443 | D:7      | Bought a potion of haste for 150 gold pieces
  9561 | D:7      | Reached ***** piety under Okawaru
  9821 | D:8      | Found a staircase to the Lair.
 10176 | D:8      | Found Pymefeck's Book Shop.
 10650 | D:7      | Reached skill level 14 in Polearms
 10918 | D:7      | Noticed an ice statue
 10923 | D:7      | You fall through a shaft for 2 floors!
 11147 | D:6      | Found a glowing golden altar of the Shining One.
 11223 | D:6      | Noticed Dowan
 11236 | D:6      | Killed Dowan
 11304 | D:7      | Noticed Joseph
 11316 | D:7      | Killed Joseph
 11717 | D:6      | Found a deep blue altar of Sif Muna.
 11820 | D:6      | Noticed Duvessa
 11831 | D:6      | Killed Duvessa
 12042 | D:6      | Reached XP level 11. HP: 86/86 MP: 15/15
 12256 | D:6      | Found a glowing golden altar of the Shining One.
 12264 | D:6      | Reached skill level 10 in Dodging
 12576 | D:5      | Killed Flogoulo's ghost
 12576 | D:5      | Received a gift from Okawaru
 12691 | Lair:1   | Entered Level 1 of the Lair of Beasts
 12972 | Lair:1   | Noticed a four-headed hydra
 12993 | Lair:1   | HP: 1/87 [bullfrog (4)]
 12994 | Lair:1   | Slain by a four-headed hydra

Skill      XL: |  1  2  3  4  5  6  7  8  9 10 11 |
---------------+----------------------------------+-----
Polearms       | 5 6 8 9 10 11 12 14 | 14.8
Evocations     | 2 4 5 6 |  6.6
Unarmed Combat | 3 |  3.6
Fighting       | 4 5 7 8 |  8.4
Dodging        | 5 7 9 10 | 10.4
Throwing       | 3 4 |  4.1

Action                   |  1- 3 |  4- 6 |  7- 9 | 10-12 || total
-------------------------+-------+-------+-------+-------++-------
Melee: Trident           |    89 |   154 |   523 |   233 ||   999
       Headbutt          |       |     1 |    63 |    61 ||   125
       Tailslap          |       |       |    10 |       ||    10
       Punch             |       |       |     5 |     1 ||     6
       Halberd           |       |       |       |   105 ||   105
 Fire: Hunting sling     |       |       |     5 |       ||     5
Throw: Throwing net      |     3 |     2 |     1 |       ||     6
       Stone             |       |     1 |     9 |     1 ||    11
       Javelin           |       |       |    10 |    45 ||    55
       Tomahawk          |       |       |       |     7 ||     7
Evoke: Wand              |       |     1 |     4 |     9 ||    14
  Use: Potion            |       |     6 |     3 |     2 ||    11
       Scroll            |       |     5 |     4 |     1 ||    10
 Stab: Sleeping          |     2 |     2 |     2 |       ||     6
       Held in net/web   |       |     1 |     2 |       ||     3
  Eat: Chunk             |       |     5 |    13 |     6 ||    24
       Ration            |       |       |     2 |     2 ||     4
Armor: Leather armour    |     8 |    23 |    31 |    20 ||    82
Dodge: Dodged            |    61 |    71 |   197 |   163 ||   492
